 Dungeon Crawl Stone Soup version 0.26-a0-1026-g544776af23 (webtiles) character file.

Game seed: 4189605720684174845

132 sahdkjhfkaj the Gusty (level 5, -4/28 HPs)
             Began as a Tengu Air Elementalist on Dec 9, 2020.
             Slain by a yak (15 damage)
             ... on level 3 of the Dungeon.
             The game lasted 00:05:59 (2891 turns).

sahdkjhfkaj the Gusty (Tengu Air Elementalist)      Turns: 2891, Time: 00:06:00

Health: -4/28      AC:  2    Str:  9    XL:     5   Next: 15%
Magic:  6/9        EV: 15    Int: 16    God:
Gold:   212        SH:  0    Dex: 14    Spells: 7/8 levels left

rFire    . . .     SeeInvis .   (no weapon)
rCold    . . .     Faith    .   (no shield)
rNeg     . . .     Spirit   .   a - +0 robe
rPois    .         Reflect  .   (helmet restricted)
rElec    .         Harm     .   (no cloak)
rCorr    .         Rampage  .   (no gloves)
Will     .....                  (boots unavailable)
Stlth    ++........             (no amulet)
HPRegen  0.09/turn              (no ring)
MPRegen  0.11/turn              (no ring)

@: flying quickly and evasively, quick
A: beak, talons 3, able to fly
a: Stop Flying


You were on level 3 of the Dungeon.
You visited 1 branch of the dungeon, and saw 4 of its levels.

You collected 212 gold pieces.

Inventory:

Armour
 a - a +0 robe (worn)
Jewellery
 l - a cursed ring of teleportation {unknown}
 q - an uncursed amulet of magic regeneration {unknown}
Wands
 b - a wand of enslavement (19)
Scrolls
 c - a scroll of fog
 e - 3 scrolls of teleportation {@r3}
 h - a scroll of immolation
 m - 2 scrolls of remove curse {unknown}
 o - a scroll of fear {unknown}
 r - a scroll of amnesia {unknown}
Potions
 d - a potion of attraction {unknown}
 f - 2 potions of curing {unknown}
 g - a potion of berserk rage {unknown}
 j - a potion of ambrosia {unknown}
 k - a potion of degeneration {unknown}
 n - a potion of mutation {unknown}
 s - a potion of heal wounds {unknown}


   Skills:
 - Level 2.1 Dodging
 - Level 2.0 Stealth
 - Level 2.0 Spellcasting
 + Level 5.3 Conjurations
 + Level 5.3 Air Magic


You had 7 spell levels left.
You knew the following spells:

 Your Spells              Type           Power        Failure   Level
a - Shock                 Conj/Air       ###.         2%          1

Your spell library contained the following spells:

 Spells                   Type           Power        Failure   Level
 Swiftness                Air            ###.....     3%          2
 Static Discharge         Conj/Air       ###.....     7%          3
 Airstrike                Air            ###.......   22%         4
 Lightning Bolt           Conj/Air       ###.......   54%         5


Dungeon Overview and Level Annotations

Branches:
Dungeon (4/15)
 Temple: D:4-7

Altars:
Wu Jian


Innate Abilities, Weirdness & Mutations

You have a beak for a mouth.
You have claws for feet.
You can fly continuously.


Message History

Unknown command.
Casting: Shock (safe; 2% risk of failure)
Confirm with . or Enter, or press ? or * to list all spells.
Aiming: Shock (safe; 2% risk of failure)
Press: ? - help, Shift-Dir - straight line The zap hits the yak but does no damage.
The yak is moderately wounded.
The zap hits the yak.
The yak is moderately wounded.
You see here a stone.
Casting: Shock (safe; 2% risk of failure)
Confirm with . or Enter, or press ? or * to list all spells.
Aiming: Shock (safe; 2% risk of failure)
Press: ? - help, Shift-Dir - straight line, f - yak
Aim: a yak (moderately wounded, 17% to evade)
The zap hits the yak.
The yak is moderately wounded.
The yak gores you!
Ouch! That really hurt!
You die...

.............###.######.#........
..............##..# #.#....#...
#..............##.# #...####.##
#(.............##.#####..## #.#
#..............##.##....## #.#
.......>.......##.##.##.### #.#
...............##.##...)..# #.#
....##........#....#......# #.#
................@Y.(......# #.#
....#>.............#####.## #.#
....#..............# #.# #)#
#####..............# ##.#####.# #
#...<..........# #........# #
##........#....# #........# #
##......##....# #........# #
#########....# #...(....# #
###### #..<.....#


You could see a yak.

Vanquished Creatures
  A bullfrog zombie (D:3)
  4 adders
  A leopard gecko (D:3)
  3 orcs (D:3)
  A giant cockroach (D:3)
  5 hobgoblins
  3 kobolds
  A quokka (D:2)
  12 bats
  2 frilled lizards (D:1)
  8 goblins
  21 rats
62 creatures vanquished.

Notes
Turn   | Place    | Note
-------+----------+-------------------------------------------
     0 | D:1      | sahdkjhfkaj the Tengu Air Elementalist began the quest for
                  | the Orb.
     0 | D:1      | Reached XP level 1. HP: 10/10 MP: 4/4
   245 | D:1      | Reached XP level 2. HP: 15/15 MP: 0/6
  1233 | D:2      | Reached XP level 3. HP: 13/19 MP: 1/7
  1698 | D:2      | Found an ornate altar of the Wu Jian Council.
  1976 | D:3      | Reached XP level 4. HP: 24/24 MP: 4/8
  2547 | D:3      | Reached skill level 5 in Air Magic
  2558 | D:3      | Reached skill level 5 in Conjurations
  2558 | D:3      | Gained mutation: You can fly continuously. [Tengu growth]
  2558 | D:3      | Reached XP level 5. HP: 19/28 MP: 0/9
  2854 | D:4      | Noticed a yak
  2855 | D:4      | Noticed a yak
  2856 | D:4      | Noticed a yak
  2857 | D:4      | Noticed a yak
  2891 | D:3      | Slain by a yak

Illustrated notes

Levels and vault maps discovered:
D:1:      matt_arrival_spirals, layout_rooms, roderic_lattice_a,
          minmay_misc_feat_doors
D:2:      layout_rooms, lemuel_doored_altar, minmay_rat_hole
D:3:      layout_rooms
D:4:      layout_loops_cross, minmay_temple_entry_stoned_glass

Skill      XL: |  1  2  3  4 |
---------------+-------------+-----
Conjurations   | 2 4 5 |  5.3
Air Magic      | 5 |  5.3
Dodging        | |  2.1
Stealth        | |  2.0
Spellcasting   | |  2.0

Action                   |  1- 3 |  4- 6 || total
-------------------------+-------+-------++-------
Melee: Unarmed           |    28 |     3 ||    31
       Kick              |     3 |       ||     3
       Peck              |       |     2 ||     2
 Cast: Shock             |    68 |    40 ||   108
 Abil: Fly               |       |     1 ||     1
  Use: Scroll            |     2 |     2 ||     4
Armor: Robe              |    14 |       ||    14
Dodge: Dodged            |    47 |    11 ||    58

Table legend: (Time is in decaauts)
 A = Elapsed time spent in this place.
 B = Non-inter-level travel time spent in this place.
 C = Inter-level travel time spent in this place.
 D = Time resting spent in this place.
 E = Time spent auto-exploring this place.
 F = Levels seen in this place.
 G = Mean time per level.
                   A        B        C        D        E       F      G
               +--------+--------+--------+--------+--------+-----+--------+
         Total |   2888 |   2842 |     46 |    145 |   2375 |   4 |  722.0 |
       Dungeon |   2888 |   2842 |     46 |    145 |   2375 |   4 |  722.0 |
               +--------+--------+--------+--------+--------+-----+--------+

Top non-repeatable levels by time:
     D:1: 1132 daAuts
     D:3: 961 daAuts
     D:2: 776 daAuts
     D:4: 17 daAuts
